TOP OF THE 1ST |
Colorado Avalanche batting - Pitching for Miami Beach Marlins : LHP David Zuniga
|
Pitching: LHP David Zuniga
|
|
Batting: LHB Glenn Lowther
|
0-0: Called Strike 0-1: Foul Ball, location: 2F 0-2: Strikes out swinging
|
Batting: RHB Eric Delgado
|
0-0: Ball 1-0: Called Strike 1-1: Ball 2-1: Fly out, F7 (Flyball, 78M, EV 84.4 MPH)
|
Batting: RHB Mike McElroy
|
0-0: Ball 1-0: Ball 2-0: Ball 3-0: Called Strike 3-1: Foul Ball, location: 2F 3-2: Base on Balls
|
Batting: RHB John Corfield
|
0-0: Fly out, F9 (Line Drive, 89D, EV 108.8 MPH)
|
Top of the 1st over - 0 runs, 0 hits, 0 errors, 1 left on base; Colorado 0 - Miami Beach 0 |
BOTTOM OF THE 1ST |
Miami Beach Marlins batting - Pitching for Colorado Avalanche : LHP Juan Rivera
|
Pitching: LHP Juan Rivera
|
|
Batting: RHB Rafael Irizarry
|
0-0: Ground out 5-3 (Groundball, 25, EV 74.4 MPH)
|
Pinch Hitting: RHB Manny Gonzalez
|
0-0: Called Strike 0-1: SINGLE (Line Drive, 8LS, EV 103.8 MPH)
|
Batting: RHB Alberto Bravo
|
0-0: Called Strike 0-1: Swinging Strike 0-2: Foul Ball, location: 2F 0-2: Foul Ball, location: 2F 0-2: Foul Ball, location: 2F 0-2: Ball 1-2: Ball 2-2: Strikes out swinging
|
Batting: RHB Scott Talbot
|
0-0: Swinging Strike 0-1: Called Strike 0-2: Ball 1-2: Ball 2-2: Ball 3-2: Ground out 4-3 (Groundball, 4, EV 81.9 MPH)
|
Bottom of the 1st over - 0 runs, 1 hit, 0 errors, 1 left on base; Colorado 0 - Miami Beach 0 |
TOP OF THE 2ND |
Colorado Avalanche batting - Pitching for Miami Beach Marlins : LHP David Zuniga
|
Now in RF: Dong-u Chang
|
|
Batting: RHB Bob Hayes
|
0-0: Foul Ball, location: 2F 0-1: Foul Ball, location: 2F 0-2: Ball 1-2: Foul Ball, location: 2F 1-2: Strikes out looking
|
Batting: LHB Daniel Green
|
0-0: Ball 1-0: Ball 2-0: Fly out, F4 (Popup, 23, EV 78.1 MPH)
|
Batting: SHB Craig Ruzic
|
0-0: Called Strike 0-1: Ball 1-1: Ground out 5-3 (Groundball, 56, EV 86.9 MPH)
|
Top of the 2nd over - 0 runs, 0 hits, 0 errors, 0 left on base; Colorado 0 - Miami Beach 0 |
BOTTOM OF THE 2ND |
Miami Beach Marlins batting - Pitching for Colorado Avalanche : LHP Juan Rivera
|
Batting: RHB Reomel Somera
|
0-0: Called Strike 0-1: Foul Ball, location: 2F 0-2: Strikes out swinging
|
Batting: RHB David Martin
|
0-0: Ball 1-0: Called Strike 1-1: Ball 2-1: SINGLE (Groundball, 56D, EV 105.6 MPH)
|
Batting: RHB Jordan Arcidez
|
0-0: Called Strike 0-1: Foul Ball, location: 2F 0-2: Hit by Pitch David Martin to second
|
Batting: RHB Clark Meagher
|
0-0: Ball 1-0: Ball 2-0: Ball 3-0: Base on Balls David Martin to third Jordan Arcidez to second
|
Batting: RHB Melvin Nava
|
0-0: Swinging Strike 0-1: Swinging Strike 0-2: Ball 1-2: Ball 2-2: Strikes out swinging
|
Batting: RHB Rafael Irizarry
|
0-0: SINGLE (Groundball, 6MS, EV 65.0 MPH) (infield hit) David Martin scores Jordan Arcidez to third Clark Meagher to second
|
Batting: LHB Dong-u Chang
|
0-0: Ball 1-0: Ball 2-0: Called Strike 2-1: Fly out, F7 (Flyball, 78M, EV 94.4 MPH)
|
Bottom of the 2nd over - 1 run, 2 hits, 0 errors, 3 left on base; Colorado 0 - Miami Beach 1 |
TOP OF THE 3RD |
Colorado Avalanche batting - Pitching for Miami Beach Marlins : LHP David Zuniga
|
Batting: SHB Justin Jackson
|
0-0: Ground out 1-3 (Groundball, 15S, EV 66.2 MPH)
|
Batting: LHB Jerry Santana
|
0-0: Ground out 4-3 (Groundball, 4, EV 91.9 MPH)
|
Batting: LHB Glenn Lowther
|
0-0: Swinging Strike 0-1: Swinging Strike 0-2: Ball 1-2: Foul Ball, location: 2F 1-2: Foul Ball, location: 2F 1-2: Ball 2-2: Strikes out swinging
|
Top of the 3rd over - 0 runs, 0 hits, 0 errors, 0 left on base; Colorado 0 - Miami Beach 1 |
BOTTOM OF THE 3RD |
Miami Beach Marlins batting - Pitching for Colorado Avalanche : LHP Juan Rivera
|
Batting: RHB Alberto Bravo
|
0-0: Ball 1-0: Called Strike 1-1: Swinging Strike 1-2: Strikes out swinging
|
Batting: RHB Scott Talbot
|
0-0: Called Strike 0-1: Called Strike 0-2: Ball 1-2: Ball 2-2: Foul Ball, location: 2F 2-2: Foul Ball, location: 2F 2-2: SINGLE (Groundball, 4D, EV 109.4 MPH)
|
Batting: RHB Reomel Somera
|
0-0: Called Strike 0-1: Ball 1-1: Ball 2-1: Swinging Strike 2-2: Strikes out swinging
|
Batting: RHB David Martin
|
0-0: Ball 1-0: Ball 2-0: Ball 3-0: Called Strike 3-1: Foul Ball, location: 2F 3-2: Strikes out swinging
|
Bottom of the 3rd over - 0 runs, 1 hit, 0 errors, 1 left on base; Colorado 0 - Miami Beach 1 |
TOP OF THE 4TH |
Colorado Avalanche batting - Pitching for Miami Beach Marlins : LHP David Zuniga
|
Batting: RHB Eric Delgado
|
0-0: Called Strike 0-1: Called Strike 0-2: Foul Ball, location: 2F 0-2: Strikes out swinging, 2-3 out at first.
|
Batting: RHB Mike McElroy
|
0-0: Ball 1-0: Swinging Strike 1-1: Foul Ball, location: 2F 1-2: Ball 2-2: Foul Ball, location: 2F 2-2: SOLO HOME RUN (Flyball, 7D, EV 103.8 MPH), Distance : 389 ft
|
Batting: RHB John Corfield
|
0-0: Ball 1-0: Ball 2-0: Called Strike 2-1: Ball 3-1: Called Strike 3-2: Foul Ball, location: 2F 3-2: DOUBLE (Groundball, 3L, EV 102.5 MPH)
|
Batting: RHB Bob Hayes
|
0-0: Ball 1-0: Ball 2-0: Ball Wild Pitch! John Corfield to third 3-0: Base on Balls
|
Batting: LHB Daniel Green
|
0-0: Ball Bob Hayes steals 2nd base 1-0: Ball 2-0: Ball 3-0: Base on Balls
|
Batting: SHB Craig Ruzic
|
0-0: Foul Ball, location: 2F 0-1: Swinging Strike 0-2: Foul Ball, location: 2F 0-2: Strikes out looking
|
Batting: SHB Justin Jackson
|
0-0: Ball 1-0: Ball 2-0: Ground out 3-1 (Groundball, 3L, EV 97.5 MPH)
|
Top of the 4th over - 1 run, 2 hits, 0 errors, 3 left on base; Colorado 1 - Miami Beach 1 |
BOTTOM OF THE 4TH |
Miami Beach Marlins batting - Pitching for Colorado Avalanche : LHP Juan Rivera
|
Batting: RHB Jordan Arcidez
|
0-0: Ball 1-0: Ball 2-0: DOUBLE (Line Drive, 89XD, EV 103.1 MPH)
|
Batting: RHB Clark Meagher
|
0-0: Foul Ball, location: 2F 0-1: Ball 1-1: Ball 2-1: Ball 3-1: Base on Balls
|
Batting: RHB Melvin Nava
|
0-0: Called Strike 0-1: Grounds into double play, 4-6-3 (Groundball, 4, EV 104.4 MPH) Jordan Arcidez to third
|
Batting: RHB Rafael Irizarry
|
0-0: Ball 1-0: Foul Ball, location: 2F 1-1: Called Strike 1-2: Ball 2-2: Strikes out looking
|
Bottom of the 4th over - 0 runs, 1 hit, 0 errors, 1 left on base; Colorado 1 - Miami Beach 1 |
TOP OF THE 5TH |
Colorado Avalanche batting - Pitching for Miami Beach Marlins : LHP David Zuniga
|
Batting: LHB Jerry Santana
|
0-0: Ball 1-0: Fly out, F6 (Line Drive, 6, EV 63.1 MPH)
|
Batting: LHB Glenn Lowther
|
0-0: Foul Ball, location: 2F 0-1: Ball 1-1: Foul Ball, location: 2F 1-2: DOUBLE (Flyball, 8RXD, EV 105.0 MPH)
|
Batting: RHB Eric Delgado
|
0-0: Ball 1-0: Ball 2-0: Ball 3-0: Base on Balls
|
Batting: RHB Mike McElroy
|
0-0: Called Strike 0-1: Foul Ball, location: 2F 0-2: Fly out, F8 (Flyball, 8RD, EV 101.9 MPH)
|
Batting: RHB John Corfield
|
0-0: Foul Ball, location: 2F 0-1: Ball 1-1: Ball 2-1: Swinging Strike 2-2: Strikes out swinging
|
Top of the 5th over - 0 runs, 1 hit, 0 errors, 2 left on base; Colorado 1 - Miami Beach 1 |
BOTTOM OF THE 5TH |
Miami Beach Marlins batting - Pitching for Colorado Avalanche : LHP Juan Rivera
|
Batting: LHB Dong-u Chang
|
0-0: Ball 1-0: Called Strike 1-1: Ball 2-1: Foul Ball, location: 2F 2-2: Foul Ball, location: 2F 2-2: Foul Ball, location: 2F 2-2: Foul Ball, location: 2F 2-2: Fly out, F7 (Flyball, 7LM, EV 90.6 MPH)
|
Batting: RHB Alberto Bravo
|
0-0: SOLO HOME RUN (Flyball, 7D, EV 102.5 MPH), Distance : 404 ft
|
Batting: RHB Scott Talbot
|
0-0: Called Strike 0-1: Called Strike 0-2: Ball 1-2: Strikes out swinging
|
Batting: RHB Reomel Somera
|
0-0: Called Strike 0-1: Called Strike 0-2: Ball 1-2: Ball 2-2: Strikes out swinging
|
Bottom of the 5th over - 1 run, 1 hit, 0 errors, 0 left on base; Colorado 1 - Miami Beach 2 |
TOP OF THE 6TH |
Colorado Avalanche batting - Pitching for Miami Beach Marlins : LHP David Zuniga
|
Batting: RHB Bob Hayes
|
0-0: Ball 1-0: Ball 2-0: Fly out, F7 (Flyball, 7, EV 84.4 MPH)
|
Batting: LHB Daniel Green
|
0-0: Ball 1-0: Ball 2-0: Foul Ball, location: 2F 2-1: Ball 3-1: Swinging Strike 3-2: Fly out, F9 (Flyball, 9D, EV 76.2 MPH)
|
Batting: SHB Craig Ruzic
|
0-0: Called Strike 0-1: Fly out, F7 (Flyball, 7, EV 84.4 MPH)
|
Top of the 6th over - 0 runs, 0 hits, 0 errors, 0 left on base; Colorado 1 - Miami Beach 2 |
BOTTOM OF THE 6TH |
Miami Beach Marlins batting - Pitching for Colorado Avalanche : LHP Juan Rivera
|
Batting: RHB David Martin
|
0-0: Foul Ball, location: 2F 0-1: Ball 1-1: Ball 2-1: Foul Ball, location: 2F 2-2: DOUBLE (Line Drive, 78D, EV 103.8 MPH)
|
Pitching: LHP Juan Vargas
|
|
Batting: RHB Jordan Arcidez
|
0-0: Ball 1-0: Called Strike 1-1: Foul Ball, location: 2F 1-2: Ball 2-2: Ball 3-2: Fly out, F6 (Popup, 6M, EV 62.5 MPH)
|
Batting: RHB Clark Meagher
|
0-0: Swinging Strike 0-1: Ball 1-1: Ball 2-1: Ball 3-1: Swinging Strike 3-2: Base on Balls
|
Batting: RHB Melvin Nava
|
0-0: Called Strike 0-1: Called Strike 0-2: Foul Ball, location: 2F 0-2: Strikes out swinging
|
Batting: RHB Rafael Irizarry
|
0-0: Fly out, F9 (Flyball, 89M, EV 96.2 MPH)
|
Bottom of the 6th over - 0 runs, 1 hit, 0 errors, 2 left on base; Colorado 1 - Miami Beach 2 |
TOP OF THE 7TH |
Colorado Avalanche batting - Pitching for Miami Beach Marlins : LHP David Zuniga
|
Batting: SHB Justin Jackson
|
0-0: Ball 1-0: Fly out, F8 (Flyball, 89D, EV 93.8 MPH)
|
Pinch Hitting: SHB Brad Madden
|
0-0: Called Strike 0-1: Swinging Strike 0-2: Ball 1-2: Strikes out looking
|
Batting: LHB Glenn Lowther
|
0-0: Ball 1-0: Called Strike 1-1: Ball 2-1: Ball 3-1: Foul Ball, location: 2F 3-2: Base on Balls
|
Batting: RHB Eric Delgado
|
0-0: Ball 1-0: Swinging Strike Glenn Lowther is caught stealing 2nd base 2-4
|
Top of the 7th over - 0 runs, 0 hits, 0 errors, 0 left on base; Colorado 1 - Miami Beach 2 |
BOTTOM OF THE 7TH |
Miami Beach Marlins batting - Pitching for Colorado Avalanche : LHP Juan Vargas
|
Now in LF: Seisaburo Edagawa
|
|
Now in RF: Craig Ruzic
|
|
Batting: LHB Dong-u Chang
|
0-0: Fly out, F1 (Line Drive, P, EV 64.4 MPH)
|
Batting: RHB Alberto Bravo
|
0-0: Called Strike 0-1: Foul Ball, location: 2F 0-2: Strikes out swinging
|
Batting: RHB Scott Talbot
|
0-0: Ball 1-0: Called Strike 1-1: Called Strike 1-2: Strikes out swinging
|
Bottom of the 7th over - 0 runs, 0 hits, 0 errors, 0 left on base; Colorado 1 - Miami Beach 2 |
TOP OF THE 8TH |
Colorado Avalanche batting - Pitching for Miami Beach Marlins : LHP David Zuniga
|
Batting: RHB Eric Delgado
|
0-0: Foul Ball, location: 2F 0-1: Ball 1-1: Swinging Strike 1-2: Foul Ball, location: 2F 1-2: Ball 2-2: Ball 3-2: Fly out, F6 (Popup, 6MS, EV 65.6 MPH)
|
Pitching: LHP Doug Whitling
|
|
Batting: RHB Mike McElroy
|
0-0: Ball 1-0: Ball 2-0: Swinging Strike 2-1: Fly out, F6 (Line Drive, 6, EV 66.9 MPH)
|
Batting: RHB John Corfield
|
0-0: Ball 1-0: Ball 2-0: Called Strike 2-1: Foul Ball, location: 2F 2-2: SOLO HOME RUN (Line Drive, 78XD, EV 114.4 MPH), Distance : 432 ft
|
Batting: RHB Bob Hayes
|
0-0: Called Strike 0-1: Foul Ball, location: 2F 0-2: Ball 1-2: Strikes out looking
|
Top of the 8th over - 1 run, 1 hit, 0 errors, 0 left on base; Colorado 2 - Miami Beach 2 |
BOTTOM OF THE 8TH |
Miami Beach Marlins batting - Pitching for Colorado Avalanche : LHP Juan Vargas
|
Batting: RHB Reomel Somera
|
0-0: Called Strike 0-1: Ball 1-1: Ball 2-1: Called Strike 2-2: Fly out, F8 (Flyball, 8RXD, EV 99.4 MPH)
|
Batting: RHB David Martin
|
0-0: Called Strike 0-1: Swinging Strike 0-2: Ball 1-2: Foul Ball, location: 2F 1-2: Foul Ball, location: 2F 1-2: Ball 2-2: Strikes out swinging
|
Batting: RHB Jordan Arcidez
|
0-0: Ball 1-0: Foul Ball, location: 2F 1-1: Ball 2-1: Swinging Strike 2-2: Strikes out looking
|
Bottom of the 8th over - 0 runs, 0 hits, 0 errors, 0 left on base; Colorado 2 - Miami Beach 2 |
TOP OF THE 9TH |
Colorado Avalanche batting - Pitching for Miami Beach Marlins : LHP Doug Whitling
|
Pinch Hitting: SHB Chris Besselman
|
0-0: Called Strike 0-1: Foul Ball, location: 2F 0-2: SINGLE (Groundball, 6MD, EV 104.4 MPH)
|
Batting: SHB Craig Ruzic
|
0-0: Ball 1-0: Ball 2-0: Foul Ball, location: 2F 2-1: Sac Bunt to 13S - play at second, runner OUT! 1-6
|
Batting: SHB Justin Jackson
|
0-0: Called Strike 0-1: Ball 1-1: Foul Ball, location: 2F 1-2: Ball 2-2: Foul Ball, location: 2F 2-2: Ball 3-2: Base on Balls Craig Ruzic to second
|
Batting: RHB Seisaburo Edagawa
|
0-0: Ball 1-0: Ball 2-0: Called Strike 2-1: Called Strike 2-2: Foul Ball, location: 2F 2-2: Ball 3-2: Base on Balls Craig Ruzic to third Justin Jackson to second
|
Pinch Hitting: RHB Chris Tatum
|
0-0: Called Strike 0-1: Called Strike 0-2: Fly out, F8 (Flyball, 8LD, EV 99.4 MPH) Runner from 3rd tags up, SCORES, throw by CF
|
Pitching: LHP Hideo Komatsu
|
|
Batting: RHB Eric Delgado
|
0-0: Called Strike 0-1: Ground out 1-3 (Groundball, 34S, EV 66.2 MPH)
|
Top of the 9th over - 1 run, 1 hit, 0 errors, 2 left on base; Colorado 3 - Miami Beach 2 |
BOTTOM OF THE 9TH |
Miami Beach Marlins batting - Pitching for Colorado Avalanche : LHP Juan Vargas
|
Now at 3B: Kevin Tangeman
|
|
Now in LF: Nick Martin
|
|
Now in CF: Edwin Bejarano
|
|
Batting: RHB Clark Meagher
|
0-0: Swinging Strike 0-1: Called Strike 0-2: Foul Ball, location: 2F 0-2: Foul Ball, location: 2F 0-2: Ball 1-2: Foul Ball, location: 2F 1-2: Strikes out swinging
|
Pitching: LHP Dan Ott
|
|
Batting: RHB Melvin Nava
|
0-0: Foul Ball, location: 2F 0-1: Called Strike 0-2: SINGLE (Groundball, 34D, EV 80.0 MPH) (infield hit)
|
Pinch Hitting: RHB Mario Cota
|
0-0: Foul Ball, location: 2F 0-1: Swinging Strike 0-2: Foul Ball, location: 2F 0-2: Ball 1-2: Grounds into double play, 4-6-3 (Groundball, 4D, EV 104.4 MPH)
|
Bottom of the 9th over - 0 runs, 1 hit, 0 errors, 0 left on base; Colorado 3 - Miami Beach 2 |
|